 Dungeon Crawl Stone Soup version 0.25-a0-834-g55863b0b92 (webtiles) character file.

Game seed: 13743865611213952807, levelgen mode: deterministic

86023 MisterFreud the Eviscerator (level 15, -19/120 HPs)
             Began as a Felid Berserker on Apr 22, 2020.
             Was the Champion of Trog.
             Killed by the air
             ... invoked by a wind drake
              (23 damage)
             ... on level 1 of the Shoals.
             The game lasted 01:26:34 (38317 turns).

MisterFreud the Eviscerator (Felid Berserker)      Turns: 38317, Time: 01:26:34

Health: -19/120    AC:  3    Str: 13    XL:     15   Next: 2%
Magic:  23/23      EV: 37    Int: 13    God:    Trog [******]
Gold:   1572       SH:  0    Dex: 21    Spells: 14/14 levels left
                                        Lives:  0   Deaths: 5

rFire    . . .     SeeInvis +     - Unarmed
rCold    + . .     Gourm    .   (shield unavailable)
rNeg     + . .     Faith    .   (armour unavailable)
rPois    .         Spirit   .   (helmet unavailable)
rElec    .         Reflect  .   (cloak unavailable)
rCorr    .         Harm     .   (gloves unavailable)
MR       ++...                  (boots unavailable)
Stlth    ..........             L - amulet of regeneration
HPRegen  0.70/turn              C - ring of positive energy
MPRegen  0.18/turn              b - +3 ring of intelligence

@: berserking (expiring), quick
A: very small, no armour, no weapons or thrown items, stealth, claws 1, fangs 3,
see invisible, carnivore, speed 1, shaggy fur 3, slow metabolism 1, sharp paws
}: 1/15 runes: serpentine
a: Berserk, Trog's Hand, Brothers in Arms, Renounce Religion


You were on level 1 of the Shoals.
You worshipped Trog.
Trog was exalted by your worship.
You were not hungry.

You visited 5 branches of the dungeon, and saw 28 of its levels.
You also visited: Sewer, Ossuary, Gauntlet and Ice Cave.

You collected 2210 gold pieces.
You spent 638 gold pieces at shops.

Inventory:

Jewellery
 b - a +3 ring of intelligence (right paw)
 f - an uncursed ring of fire
 o - an uncursed ring of fire
 s - the ring "Rariv" {rC- AC+4 Int+4 SInv}
   (You found it on level 15 of the Dungeon)

   [ring of protection]

   It affects your AC (+4).
   It affects your intelligence (+4).
   It makes you vulnerable to cold.
   It lets you see invisible.
 C - a ring of positive energy (left paw)
 L - an amulet of regeneration (around neck)
 Q - a +4 amulet of reflection
Wands
 d - a wand of random effects (25)
 r - a wand of disintegration (35)
 z - a wand of digging (10)
 D - a wand of iceblast (10)
 H - a wand of scattershot (8)
 J - a wand of polymorph (7)
 K - a wand of enslavement (16)
 M - a wand of flame (48)
 P - a wand of paralysis (6)
Scrolls
 c - 5 scrolls of fear
 t - 14 scrolls of teleportation
 w - 14 scrolls of remove curse
 B - 3 scrolls of magic mapping
 E - 3 scrolls of fog
 F - 2 scrolls of blinking
 N - 6 scrolls of identify
 O - a scroll of holy word
Potions
 e - a potion of berserk rage
 g - 6 potions of haste
 h - 7 potions of stabbing
 i - a potion of resistance
 j - 8 potions of flight
 k - 7 potions of mutation
 l - 7 potions of heal wounds
 m - 12 potions of curing
 n - 6 potions of brilliance
 p - 7 potions of lignification
 q - 3 potions of cancellation
 u - 4 potions of ambrosia
 v - 4 potions of invisibility
 x - 4 potions of might
Miscellaneous
 y - a lightning rod (4/4)
 A - a phial of floods
 G - a tin of tremorstones
 R - a box of beasts
Comestibles
 a - 52 rations


   Skills:
 + Level 17.1 Fighting
 - Level 20.0 Dodging
 - Level 10.0 Stealth
 + Level 21.6 Unarmed Combat
 - Level 10.0 Evocations


You had 14 spell levels left.
You didn't know any spells.
Your spell library was empty.

Dungeon Overview and Level Annotations

Branches:
Dungeon (15/15)            Temple (0/1) D:4            Lair (6/6) D:8
 Shoals (1/4) Lair:2        Snake (4/4) Lair:3        Slime (0/5) Lair:5
    Orc (2/2) D:12            Elf (0/3) Orc:2        Vaults (0/5) D:13
 Depths (0/5) D:15          Sewer (visited)         Ossuary (visited)
  IceCv (visited)         Gauntlet (visited)

Altars:
Ashenzari
Dithmenos
Hepliaklqana
Nemelex Xobeh
Okawaru
Qazlal
Ru
Trog
Uskayaw
Wu Jian
Xom
Yredelemnul
The Shining One
Beogh

Shops:
D:10 :   D:15 ??::   Orc:2 (%([   Snake:2 (%(!

Annotations:
D:3 2 transporters, wintastic's ghost, amateur MfSk
Lair:3 exclusion: oklob plant
Lair:6 1 runed translucent door, Glokmah's ghost, journeyman MiFi
Shoals:1 2 transporters


Innate Abilities, Weirdness & Mutations

You cannot wear armour.
You are incapable of wielding weapons or throwing items.
Your paws allow you to move quietly. (Stealth)
You have sharp claws.
You have razor-sharp teeth.
You have supernaturally acute eyesight. (SInv)
You are carnivorous and can eat meat at any time.
You cover ground quickly.
Your thick and shaggy fur keeps you warm. (AC +3, rC+)
You have a slow metabolism.
Your sharp claws are effective at attacking unaware monsters.


Message History

* * * LOW HITPOINT WARNING * * *
The manticore claws you.
* * * LOW HITPOINT WARNING * * *
Unknown command.
Your unstable footing causes you to fumble your attack.
Your unstable footing causes you to fumble your attack.
The manticore closely misses you. The manticore barely misses you.
The manticore closely misses you.
You mangle the manticore!!
The manticore is heavily wounded.
Your unstable footing causes you to fumble your attack.
The wind drake exhales a fierce blast of wind!
You are blown backwards!
The manticore is blown away by the wind.
The manticore flicks its tail.
The volley of spikes misses you.
You feel a strong urge to attack something.
The wind drake flaps its wings at you. The air twists around and strikes you!!
You die...

≈≈≈≈≈≈≈≈ .. .≈≈≈≈≈≈≈ . #P#
.≈≈≈≈≈≈≈ .. ..# .≈≈≈≈≈≈≈ ... ..:
..###..≈≈≈≈≈≈≈
≈≈≈....##.######..≈≈...≈≈≈≈≈≈≈
.......#.P..##PPP≈≈≈≈≈≈≈≈≈≈≈≈≈
#....≈≈.≈P....≈≈≈≈≈≈≈≈≈≈≈≈≈≈÷ .
#...≈...≈P≈@≈≈≈≈≈≈≈≈≈≈≈≈≈≈..
..###..≈...≈≈.H.≈≈≈≈≈≈≈≈≈≈≈≈≈≈..
≈.....≈..≈≈≈P..≈≈≈≈≈≈≈≈≈≈≈≈≈≈≈..
≈≈...:...P≈P≈≈≈P≈≈PP≈≈≈≈≈≈≈≈≈≈..
≈.....≈≈..≈≈k.≈≈≈≈≈≈≈≈≈≈≈≈≈≈≈≈..
≈≈≈≈≈≈≈≈≈.≈≈..≈≈......≈≈≈≈≈≈≈≈..
≈≈≈≈≈≈≈....≈P≈.P....##.≈≈≈≈≈≈≈≈.
≈≈≈≈≈≈.........#######.≈≈≈≈≈≈≈≈≈
≈≈≈≈......#...## #####≈≈≈≈≈≈≈≈≈≈


You could see a wind drake and a manticore.

Vanquished Creatures
  8 nagarajas
  2 orc warlords (Orc:2)
  Azrael (D:15)
  An ettin (D:15)
  Fannar (Lair:3)
  An ice dragon (Shoals:1)
  A merfolk avatar (Shoals:1)
  5 hydras
  Erolcha (D:9)
  An ice dragon (shapeshifter) (D:15)
  8 anacondas
  A catoblepas (D:14)
  3 centaur warriors
  An alligator snapping turtle (Shoals:1)
  2 death knights
  9 naga warriors
  9 two-headed ogres
  A tengu warrior (D:15)
  2 ogre magi
  5 death yaks
  Urug (Lair:1)
  8 shock serpents
  11 naga sharpshooters
  Sonja (Orc:1)
  4 orc high priests (Orc:2)
  A deep elf knight (D:13)
  2 salamander mystics
  2 skeletal warriors
  A deep troll (D:15)
  5 unseen horrors
  9 naga ritualists
  2 lindwurms (Lair:6)
  6 sea snakes
  4 wizards
  A phantasmal warrior (D:14)
  7 orc knights
  14 mana vipers
  A wolf spider zombie (D:13)
  5 ugly things
  7 fauns (Shoals:1)
  2 deep elf magi (D:13)
  10 orc sorcerers
  A moth of wrath (shapeshifter) (D:14)
  6 cyclopes
  8 manticores
  11 salamanders
  10 elephants
  A merfolk siren (Shoals:1)
  Joseph (D:9)
  A water nymph (Shoals:1)
  3 guardian serpents
  2 ice statues (IceCv)
  Psyche (D:10)
  14 naga magi
  2 torpor snails (Lair:6)
  35 black mambas
  10 spiny frogs
  2 gargoyles
  A kobold demonologist (D:12)
  A yaktaur (shapeshifter) (D:14)
  3 rime drakes (Lair:6)
  2 freezing wraiths
  10 komodo dragons
  11 ice devils (IceCv)
  A tengu conjurer (D:15)
  9 trolls
  3 merfolk (Shoals:1)
  3 hornets
  6 hippogriffs
  2 slime creatures (Lair:5)
  2 snapping turtles
  2 dream sheep (Lair:6)
  4 blink frogs (Lair:3)
  A meliai zombie (D:13)
  3 shadows
  Sigmund (D:4)
  A spriggan (D:7)
  5 wraiths
  A wyvern (Lair:4)
  49 yaks
  5 basilisks
  3 fire elementals (D:15)
  A steam dragon (Lair:6)
  2 vampire mosquitoes (D:15)
  Menkaure (D:6)
  A hungry ghost (D:13)
  4 wargs
  48 nagas
  3 acid dragons (Lair:6)
  13 water moccasins
  5 hell hounds
  9 porcupines
  53 orc warriors
  4 sky beasts
  A swamp drake (Lair:6)
  4 black bears
  20 ogres
  2 ice beasts
  3 eyes of draining
  5 wolves
  11 centaurs
  19 crocodiles
  A big kobold (Sewer)
  A wyvern zombie (D:11)
  15 bullfrogs
  A gnoll sergeant (D:9)
  Blork the orc (D:6)
  A wyvern skeleton (D:13)
  6 scorpions
  10 killer bees
  9 wights
  A howler monkey (D:9)
  5 electric eels
  5 crimson imps
  3 quasits
  3 bullfrog zombies
  4 centaur zombies
  31 orc priests
  8 centaur skeletons
  3 jellies
  5 hounds
  18 orc wizards
  Jessica (D:3)
  2 bullfrog skeletons (D:13)
  12 worker ants
  2 iguanas
  A big kobold zombie (Ossuary)
  A hound zombie (D:10)
  A hound skeleton (D:7)
  5 mummies (Ossuary)
  7 gnolls
  15 adders
  6 river rats (Sewer)
  A shadow imp (D:14)
  4 white imps (IceCv)
  7 ufetubi (IceCv)
  An ooze (D:2)
  An adder skeleton (D:4)
  An adder zombie (D:7)
  A dart slug (D:4)
  5 worms
  8 leopard geckos
  122 orcs
  10 giant cockroaches
  7 goblins
  11 hobgoblins
  16 jackals
  4 quokkas
  6 ball pythons (Sewer)
  6 bats
  5 frilled lizards
  3 gnoll zombies (Ossuary)
  A goblin zombie (Ossuary)
  27 kobolds
  2 leopard gecko skeletons
  A quokka zombie (D:7)
  24 rats
1071 creatures vanquished.

Vanquished Creatures (collateral kills)
  An ogre mage (D:15)
  A fire dragon (Lair:6)
  Harold (Lair:1)
  2 two-headed ogres (D:15)
  An anaconda (Snake:4)
  A swamp dragon (Lair:6)
  A naga ritualist (Snake:4)
  An orc knight (Orc:1)
  2 black mambas (Snake:4)
  A troll (Orc:1)
  A vampire mosquito (D:15)
  A naga (Snake:4)
  2 wights (D:15)
16 creatures vanquished.

Vanquished Creatures (others)
  A basilisk (shapeshifter) (D:14)
  A shadow imp (D:14)
  2 white imps (IceCv)
  2 ufetubi (IceCv)
  A jackal (D:9)
  2 demonic plants (Gauntlet)
  3 fungi
  7 plants (Lair:6)
19 creatures vanquished.

Grand Total: 1106 creatures vanquished

Notes
Turn   | Place    | Note
-------+----------+-------------------------------------------
     0 | D:1      | MisterFreud the Felid Berserker began the quest for the
                  | Orb.
     0 | D:1      | Reached XP level 1. HP: 10/10 MP: 2/2
   453 | D:1      | Reached XP level 2. HP: 15/15 MP: 3/3
   512 | D:1      | Reached XP level 3. HP: 18/18 MP: 4/4
  1344 | D:2      | Reached ** piety under Trog
  2143 | D:2      | Reached XP level 4. HP: 22/22 MP: 5/5
  2241 | D:2      | Found an ornate altar of the Wu Jian Council.
  2250 | D:2      | Reached skill level 5 in Fighting
  2546 | D:3      | Found a transporter.
  2547 | D:3      | Noticed wintastic's ghost (amateur MfSk)
  2699 | D:3      | Reached skill level 1 in Stealth
  2719 | D:3      | Found a transporter.
  2824 | D:3      | Found a hazy altar of Hepliaklqana.
  2933 | D:3      | Reached *** piety under Trog
  3028 | D:3      | Noticed Jessica
  3035 | D:3      | Killed Jessica
  3035 | D:3      | Reached XP level 5. HP: 22/26 MP: 6/6
  3557 | D:4      | Found a staircase to the Ecumenical Temple.
  3643 | D:4      | Reached skill level 5 in Dodging
  3643 | D:4      | Gained mutation: You are covered in thick fur. (AC +2)
                  | [Felid growth]
  3643 | D:4      | Reached XP level 6. HP: 18/30 MP: 7/7
  3831 | D:4      | Noticed Sigmund
  3849 | D:4      | Killed Sigmund
  3849 | D:4      | Reached skill level 4 in Unarmed Combat
  3907 | D:4      | Found a shimmering altar of Xom.
  3994 | D:4      | Found a shimmering altar of Xom.
  3995 | D:4      | Found a shimmering altar of Xom.
  3996 | D:4      | Found a shimmering altar of Xom.
  4027 | D:4      | Reached XP level 7. HP: 32/34 MP: 8/8
  4300 | D:4      | Found a shadowy altar of Dithmenos.
  4480 | D:5      | Entered Level 5 of the Dungeon
  4539 | D:5      | Found a sand-covered staircase.
  4545 | Ossuary  | Entered an ossuary
  4605 | Ossuary  | Reached skill level 5 in Stealth
  4787 | D:5      | Found a glowing drain.
  4796 | Sewer    | Entered a sewer
  4948 | Sewer    | Reached **** piety under Trog
  5007 | Sewer    | Reached skill level 5 in Unarmed Combat
  5572 | D:5      | Reached XP level 8. HP: 37/38 MP: 9/9
  6646 | D:6      | Noticed Blork the orc
  6657 | D:6      | Killed Blork the orc
  6736 | D:6      | Found a stormy altar of Qazlal.
  6847 | D:6      | Reached skill level 6 in Unarmed Combat
  6879 | D:6      | Found a sparkling altar of Nemelex Xobeh.
  6888 | D:6      | Noticed Menkaure
  6898 | D:6      | Killed Menkaure
  7513 | D:6      | Found a sacrificial altar of Ru.
  7665 | D:7      | Reached skill level 10 in Dodging
  7665 | D:7      | Reached skill level 1 in Evocations
  7905 | D:7      | Found a glowing golden altar of the Shining One.
  8286 | D:7      | Reached XP level 9. HP: 34/41 MP: 11/13
  8683 | D:7      | Reached skill level 5 in Evocations
  8719 | D:7      | Reached ***** piety under Trog
  9099 | D:7      | Found a shattered altar of Ashenzari.
  9165 | D:8      | Noticed an elephant
  9267 | D:8      | Found a staircase to the Lair.
  9550 | D:8      | Killed an elephant
  9800 | D:8      | Reached skill level 7 in Unarmed Combat
 10611 | D:8      | Found an iron altar of Okawaru.
 10611 | D:8      | Found a basalt altar of Yredelemnul.
 10724 | D:9      | Reached XP level 10. HP: 46/47 MP: 14/14
 10798 | D:9      | Noticed a manticore
 10814 | D:9      | Killed a manticore
 11077 | D:9      | Noticed Erolcha
 11091 | D:9      | Killed Erolcha
 11149 | D:9      | Noticed Joseph
 11456 | D:10     | Entered Level 10 of the Dungeon
 11466 | D:9      | Found a bloodstained altar of Trog.
 11487 | D:10     | Reached skill level 8 in Unarmed Combat
 11764 | D:9      | Killed Joseph
 11931 | D:8      | Reached skill level 10 in Stealth
 12557 | D:10     | Noticed Psyche
 12566 | D:10     | Killed Psyche
 12624 | D:10     | Reached XP level 11. HP: 53/53 MP: 15/15
 12690 | D:10     | Reached skill level 9 in Unarmed Combat
 13104 | D:10     | Found Zajaschupt's Book Emporium.
 13354 | D:11     | Found a hide-covered altar of Uskayaw.
 13604 | D:11     | Noticed an unseen horror
 13611 | D:11     | Killed an unseen horror
 14247 | D:12     | Found a staircase to the Orcish Mines.
 14479 | D:12     | Reached skill level 10 in Fighting
 14493 | D:12     | Reached skill level 10 in Unarmed Combat
 15363 | D:13     | Found a gate leading to a gauntlet.
 15382 | Gauntlet | Entered a Gauntlet
 15382 | Gauntlet | Found a transporter.
 15393 | Gauntlet | Found a transporter.
 15411 | Gauntlet | Found a transporter.
 15415 | Gauntlet | Found a large runed translucent door.
 15415 | Gauntlet | Found a large runed translucent door.
 15594 | D:13     | Found the +5 scythe "Finisher" {speed, eviscerate}
 15668 | D:13     | Noticed a two-headed ogre
 15669 | D:13     | Noticed a two-headed ogre
 15670 | D:13     | Noticed a deep elf mage
 15671 | D:13     | Noticed an ogre mage
 15690 | D:13     | Killed a two-headed ogre
 15699 | D:13     | Killed a two-headed ogre
 15699 | D:13     | Reached skill level 10 in Evocations
 15699 | D:13     | Gained mutation: Your thick and shaggy fur keeps you warm.
                  | (AC +3, rC+) [Felid growth]
 15699 | D:13     | Reached XP level 12. HP: 32/58 MP: 20/20
 16056 | D:13     | Noticed a six-headed hydra
 16059 | D:13     | Killed a six-headed hydra
 16264 | D:13     | Noticed a two-headed ogre
 16268 | D:13     | HP: 1/58 [two-headed ogre/+0 giant spiked club (30)]
 16269 | D:13     | Annihilated by a two-headed ogre
 16270 | D:13     | Reached XP level 11. HP: -32/55 MP: 19/19
 16377 | Lair:1   | Entered Level 1 of the Lair of Beasts
 16803 | Lair:1   | Noticed Urug
 16806 | Lair:1   | Noticed Harold
 16820 | Lair:1   | Killed Urug
 16828 | Lair:1   | Killed Harold
 17882 | Lair:2   | Reached skill level 11 in Unarmed Combat
 18548 | Lair:2   | Found a staircase to the Shoals.
 18553 | Lair:2   | Reached XP level 12. HP: 60/60 MP: 20/20
 18625 | Lair:3   | Noticed a seven-headed hydra
 18632 | Lair:3   | Killed a seven-headed hydra
 18677 | Lair:3   | Noticed Fannar
 18694 | Lair:3   | Killed Fannar
 18968 | Lair:3   | Found a staircase to the Snake Pit.
 19049 | Lair:3   | Noticed a five-headed hydra
 19057 | Lair:3   | Killed a five-headed hydra
 19265 | Lair:3   | Identified a scroll of acquirement
 20443 | Lair:5   | Reached skill level 12 in Unarmed Combat
 20565 | Lair:5   | Found a staircase to the Slime Pits.
 21290 | Lair:6   | Entered Level 6 of the Lair of Beasts
 21304 | Lair:6   | Found a runed translucent door.
 21626 | Lair:6   | Reached XP level 13. HP: 64/64 MP: 21/21
 21702 | Lair:6   | Slain by an elephant
 21703 | Lair:6   | Reached XP level 12. HP: 0/91 MP: 20/20
 21712 | Lair:6   | Reached skill level 13 in Unarmed Combat
 21743 | Lair:6   | Reached skill level 15 in Dodging
 22296 | Lair:6   | Noticed a death yak
 22296 | Lair:6   | Noticed a death yak
 22298 | Lair:6   | Reached skill level 14 in Unarmed Combat
 22299 | Lair:6   | Killed a death yak
 22321 | Lair:6   | Killed a death yak
 22498 | Lair:6   | Noticed a fire dragon
 22886 | Lair:6   | Killed a fire dragon
 23082 | Lair:6   | Noticed a death yak
 23085 | Lair:6   | Noticed a seven-headed hydra
 23111 | Lair:6   | Reached XP level 13. HP: 66/66 MP: 21/21
 23294 | Lair:6   | Noticed Glokmah's ghost (journeyman MiFi)
 23576 | D:13     | Reached skill level 15 in Unarmed Combat
 23790 | D:13     | Found the +3 warlock's mirror {reflect}
 24411 | D:13     | Found a gate to the Vaults.
 25085 | D:14     | Reached skill level 15 in Fighting
 25242 | D:14     | Found a basalt altar of Yredelemnul.
 25340 | D:14     | Reached skill level 16 in Unarmed Combat
 25488 | D:14     | Reached XP level 14. HP: 57/73 MP: 22/22
 25760 | D:15     | Entered Level 15 of the Dungeon
 25827 | D:15     | Noticed Azrael
 25843 | D:15     | Reached skill level 17 in Unarmed Combat
 26008 | D:15     | Killed Azrael
 26101 | D:15     | Got a heavily runed bone ring
 26115 | D:15     | Identified the ring "Rariv" {rC- AC+4 Int+4 SInv} (You
                  | found it on level 15 of the Dungeon)
 26253 | D:15     | Found Ocahiamem's Magic Scroll Boutique.
 26286 | D:15     | Reached skill level 18 in Unarmed Combat
 26490 | D:15     | Found Goxkuosm's Magic Scroll Boutique.
 26496 | D:15     | Bought a scroll of fear for 49 gold pieces
 26496 | D:15     | Bought a scroll of teleportation for 42 gold pieces
 26496 | D:15     | Bought a scroll of blinking for 105 gold pieces
 26538 | D:15     | Found a shattered altar of Ashenzari.
 26588 | D:15     | Slain by a freezing wraith
 26589 | D:15     | Reached XP level 13. HP: -3/69 MP: 21/21
 26607 | D:15     | Found a staircase to the Depths.
 26780 | D:15     | Reached skill level 19 in Unarmed Combat
 26894 | D:15     | Found Ocyshrifi's Book Emporium.
 27009 | D:15     | Found Woaqehob's Book Shoppe.
 27225 | Orc:1    | Entered Level 1 of the Orcish Mines
 27247 | Orc:1    | Reached ****** piety under Trog
 27348 | Orc:1    | Noticed Sonja
 27727 | Orc:1    | Paralysed by an orc sorcerer for 6 turns
 27748 | Orc:1    | Killed Sonja
 28253 | Orc:2    | Entered Level 2 of the Orcish Mines
 28340 | Orc:2    | Reached skill level 20 in Unarmed Combat
 28349 | Orc:2    | Found a roughly hewn altar of Beogh.
 28372 | Orc:2    | Reached XP level 14. HP: 73/73 MP: 22/22
 29128 | Orc:2    | Noticed an orc warlord
 29150 | Orc:2    | Killed an orc warlord
 29218 | Orc:2    | Found Kiuz's Food Shoppe.
 29472 | Orc:2    | Found a staircase to the Elven Halls.
 29847 | Orc:2    | Found Routent's Antique Armour Boutique.
 29869 | Orc:2    | Found Ahaemargh's Weapon Shop.
 29927 | Orc:2    | Noticed an orc warlord
 29929 | Orc:2    | Killed an orc warlord
 30059 | Orc:2    | Found Xiegomu's Antique Weapon Boutique.
 30172 | Orc:2    | Found a roughly hewn altar of Beogh.
 30687 | Snake:1  | Entered Level 1 of the Snake Pit
 32030 | Snake:1  | Reached XP level 15. HP: 77/77 MP: 23/23
 33010 | Snake:2  | Found Arimpeargh's Antique Weapon Shop.
 33012 | Snake:2  | Found Senil's Distillery.
 33012 | Snake:2  | Found Pagiatas's Antique Weapon Boutique.
 33153 | Snake:2  | Found Fotzaov's Food Boutique.
 33163 | Snake:2  | Bought 2 potions of heal wounds for 170 gold pieces
 33163 | Snake:2  | Bought a potion of heal wounds for 85 gold pieces
 33163 | Snake:2  | Bought a potion of curing for 51 gold pieces
 33163 | Snake:2  | Bought a potion of heal wounds for 85 gold pieces
 33163 | Snake:2  | Bought a potion of curing for 51 gold pieces
 33517 | Snake:3  | Noticed a nagaraja
 33527 | Snake:3  | Killed a nagaraja
 34305 | Snake:4  | Entered Level 4 of the Snake Pit
 35155 | Snake:4  | Noticed a nagaraja
 35166 | Snake:4  | Killed a nagaraja
 35240 | Snake:4  | Noticed a nagaraja
 35546 | Snake:4  | Reached XP level 16. HP: 82/82 MP: 15/24
 35790 | Snake:4  | Shot with an arrow by a naga sharpshooter
 35791 | Snake:4  | Reached XP level 15. HP: -5/117 MP: 23/23
 35937 | Snake:4  | Noticed a nagaraja
 35962 | Snake:4  | Noticed a nagaraja
 35969 | Snake:4  | Killed a nagaraja
 35969 | Snake:4  | Reached skill level 21 in Unarmed Combat
 36003 | Snake:4  | Killed a nagaraja
 36055 | Snake:4  | Noticed a nagaraja
 36188 | Snake:4  | Killed a nagaraja
 36442 | Snake:4  | Noticed a nagaraja
 36463 | Snake:4  | Killed a nagaraja
 36504 | Snake:4  | Noticed a nagaraja
 36515 | Snake:4  | Killed a nagaraja
 36717 | Snake:4  | Got a serpentine rune of Zot
 36987 | Shoals:1 | Entered Level 1 of the Shoals
 37095 | Shoals:1 | Found a transporter.
 37097 | Shoals:1 | Found a transporter.
 37377 | Shoals:1 | Found a frozen archway.
 37396 | IceCv    | Entered an ice cave
 38264 | Shoals:1 | Reached XP level 16. HP: 56/84 MP: 24/24
 38273 | Shoals:1 | HP: 2/126 [faun/+0 spear (18)]
 38275 | Shoals:1 | Succumbed to a sea snake's poison
 38276 | Shoals:1 | Reached XP level 15. HP: 0/120 MP: 23/23
 38311 | Shoals:1 | HP: 5/120 [manticore (13)]
 38311 | Shoals:1 | HP: 1/120 [manticore (4)]
 38317 | Shoals:1 | Killed from afar by a wind drake

Levels and vault maps discovered:
D:1:      lightli_iron_boxes, layout_loops_cross, fountainhead
D:2:      layout_basic, lemuel_round_altar, first_ration
D:3:      layout_basic, lemuel_round_altar, gammafunk_ghost_stat_death,
          uniq_jessica
D:4:      layout_cave_pools, lemuel_doored_altar, xom_redecorated,
          minmay_temple_entry_junction, uniq_sigmund
D:5:      wad_pebble_path, layout_loops_corners, nicolae_ossuary_entry_monument,
          cheibrodos_sewer_entry_bend
D:6:      layout_basic, nicolae_ru_sacrificial_ziggurat,
          nemelex_xobeh_ov_fountains_minmay, grunt_qazlal_sundering,
          uniq_menkaure, uniq_blork_the_orc
D:7:      layout_cave_pods, ashenzari_conservatory_becter,
          overflow_temple_1_default, the_bakery, hangedman_minor_gate_pass
D:8:      layout_basic, gammafunk_temple_overflow_wave, david_lair_generic
D:9:      layout_loops_cross, serial_bayou_lagoon_a, trog_ov_bears_minmay,
          uniq_erolcha, uniq_joseph
D:10:     layout_roguey, serial_shops, nicolae_shop_stone, uniq_psyche
D:11:     layout_basic, basic_altar
D:12:     minmay_skewed_foursquare, layout_irregular_city, orc_0_dummy
D:13:     minmay_smoke_and_mirrors, layout_loops_ring,
          hangedman_vaults_entry_quadrant_bands, gauntlet_entry_generic,
          st_stairs_8, minmay_guarded_unrand_finisher
D:14:     argonaut_augean_stables, layout_rooms, yredelemnul_altar_generic,
          st_stairs_1, lemuel_flamethrower_hall
D:15:     hangedman_depths_entry_civil_slaughter, layout_basic,
          minmay_misc_feat_alley, serial_shops, nicolae_shop_waterfront, shop,
          nicolae_shop_waterfront, shop_statue, ashenzari_altar_1, uniq_azrael
Lair:1:   layout_small_grid, uniq_urug, uniq_harold
Lair:2:   layout_chaotic_city, minmay_shoals_entry_hut, minivault_26,
          beast_lair_carwin_10
Lair:3:   layout_loops_ring, minmay_snake_entry_guardpost_small, wad_woods_06,
          serial_bayou_shore_a, grunt_megastairs_3, minmay_lair_oklob_chamber,
          infiniplex_staircase_pool_2, serial_bayou_shore_b, uniq_fannar
Lair:4:   layout_cellular_growth, nicolae_quartered_pool_medium
Lair:5:   layout_regular_city, minmay_slime_entry_pillars,
          infiniplex_staircase_pool, grunt_megastairs_5
Lair:6:   hangedman_lair_in_review, layout_gridlike, guppyfry_lair_end_dragon,
          ebering_ghost_reflecting_pool
Shoals:1: gammafunk_the_bubble [the_bubble_gammafunk_plus_minus], layout_shoals,
          portal_ice_cave_entry_dragon
Snake:1:  layout_basic
Snake:2:  layout_onion, special_room, grunt_ministairs_8, st_stairs_5,
          serial_bayou_shore_b, minmay_shoptagon
Snake:3:  layout_cave_pods
Snake:4:  johnstein_snake_rune_scales, layout_misc_corridors, grunt_megastairs_2
Orc:1:    layout_caves, uniq_sonja
Orc:2:    pubby_orc_utopia, serial_shops

Skill      XL: |  1  2  3  4  5  6  7  8  9 10 11 12 13 14 15 16 |
---------------+-------------------------------------------------+-----
Fighting       | 4 5 6 7 9 11 13 15 17 16 | 17.1
Stealth        | 1 3 4 6 8 10 | 10.0
Dodging        | 5 7 10 11 12 13 15 18 20 | 20.0
Unarmed Combat | 4 5 6 7 8 11 14 20 18 21 | 21.6
Evocations     | 4 5 10 | 10.0

Action                   |  1- 3 |  4- 6 |  7- 9 | 10-12 | 13-15 | 16-18 || total
-------------------------+-------+-------+-------+-------+-------+-------++-------
Melee: Unarmed           |    94 |   169 |   429 |  1064 |  1832 |    51 ||  3639
       Bite              |     6 |    20 |    47 |   142 |   253 |    15 ||   483
       Punch             |     1 |     1 |     9 |    56 |   179 |     4 ||   250
Invok: Berserk           |     6 |     3 |    18 |    49 |    54 |     3 ||   133
       Trog's Hand       |       |     2 |     7 |    27 |    28 |     1 ||    65
       Brothers in Arms  |       |       |       |     2 |     3 |       ||     5
Evoke: Wand              |       |       |       |    14 |    23 |       ||    37
       Phial of floods   |       |       |       |     1 |       |       ||     1
  Use: Potion            |     1 |       |       |     1 |     7 |     1 ||    10
       Scroll            |       |       |    21 |    11 |     6 |       ||    38
 Stab: Sleeping          |     5 |     6 |    31 |    45 |    53 |       ||   140
       Distracted        |       |       |       |     3 |    12 |       ||    15
       Paralysed         |       |       |       |       |     1 |       ||     1
  Eat: Chunk             |    10 |    10 |    31 |    83 |   101 |       ||   235
Armor: Skin              |     3 |     5 |    16 |    21 |    57 |     1 ||   103
Dodge: Dodged            |    58 |   142 |   350 |  1081 |  1697 |    46 ||  3374

Table legend:
 A = Non-vault XP
 B = Vault XP
 C = Vault XP percentage of total XP
 D = Non-vault monster count
 E = Vault monster count
 F = Vault count percentage of total count
                 A         B        C        D         E       F
            +---------+---------+-------+---------+---------+-------
      Total |  146301 |  121447 |  45.4 |     646 |     441 |  40.6
            +---------+---------+-------+---------+---------+-------
        D:1 |      56 |       0 |   0.0 |      19 |       0 |   0.0
        D:2 |      64 |       0 |   0.0 |      24 |       0 |   0.0
        D:3 |      67 |      37 |  35.6 |      28 |       1 |   3.4
        D:4 |     456 |     220 |  32.5 |      22 |       1 |   4.3
        D:5 |     250 |       5 |   2.0 |      16 |       1 |   5.9
        D:6 |     294 |     254 |  46.4 |       8 |       2 |  20.0
        D:7 |     790 |     246 |  23.7 |      19 |       3 |  13.6
        D:8 |    1244 |    1121 |  47.4 |      26 |       4 |  13.3
        D:9 |    2410 |    1440 |  37.4 |      33 |       2 |   5.7
       D:10 |    1391 |     696 |  33.3 |      20 |       3 |  13.0
       D:11 |    3166 |       0 |   0.0 |      19 |       0 |   0.0
       D:12 |    4043 |     466 |  10.3 |      43 |       3 |   6.5
       D:13 |    7444 |   10082 |  57.5 |      25 |      21 |  45.7
       D:14 |   10359 |    5161 |  33.3 |      31 |      18 |  36.7
       D:15 |   16514 |    5612 |  25.4 |      49 |      13 |  21.0
     Lair:1 |    2791 |    1345 |  32.5 |      17 |       2 |  10.5
     Lair:2 |    2888 |    1682 |  36.8 |      16 |      11 |  40.7
     Lair:3 |    2235 |    2872 |  56.2 |       7 |       6 |  46.2
     Lair:4 |    3258 |       0 |   0.0 |      15 |       0 |   0.0
     Lair:5 |    2110 |    1183 |  35.9 |      11 |       6 |  35.3
     Lair:6 |   10665 |   12532 |  54.0 |      35 |      33 |  48.5
   Shoals:1 |   13872 |    1003 |   6.7 |      27 |       1 |   3.6
    Snake:1 |   18327 |       0 |   0.0 |      37 |       0 |   0.0
    Snake:2 |    5334 |    4598 |  46.3 |      13 |       8 |  38.1
    Snake:3 |   14252 |     585 |   3.9 |      28 |       1 |   3.4
    Snake:4 |   16425 |   40104 |  70.9 |      28 |      67 |  70.5
      Orc:1 |    5596 |     814 |  12.7 |      30 |       1 |   3.2
      Orc:2 |       0 |   24217 | 100.0 |       0 |     148 | 100.0
      Sewer |       0 |     257 | 100.0 |       0 |      48 | 100.0
    Ossuary |       0 |     255 | 100.0 |       0 |      13 | 100.0
      IceCv |       0 |    4660 | 100.0 |       0 |      24 | 100.0
            +---------+---------+-------+---------+---------+-------
